 Dungeon Crawl Stone Soup version 0.28-a0-413-gde365fb1df (webtiles) character file.

Game seed: 5810804324183675919

3104 robertstho the Thaumaturge (level 10, -10/67 HPs)
             Began as a Djinni Fire Elementalist on Sept 7, 2021.
             Was an Initiate of Gozag.
             Killed from afar by an acid dragon (19 damage)
             ... with a splash of acid
             ... on level 9 of the Dungeon.
             The game lasted 00:11:11 (8871 turns).

robertstho the Thaumaturge (DjFE)                   Turns: 8871, Time: 00:11:12

Health: -10/67     AC:  6    Str:  7    XL:     10   Next: 13%
Gold:   11         EV: 13    Int: 19    God:    Gozag SH:  0 Dex: 15

rFire   + + .      SeeInvis +   E - +1 trident (protect)
rCold   x . .      Faith    .   (no shield)
rNeg    . . .      Spirit   .   a - +0 robe
rPois   ∞          Reflect  .   v - +2 helmet
rElec   .          Harm     .   k - +0 cloak
rCorr   .          Rampage  .   (no gloves)
Will    +....                   (boots unavailable)
Stlth   ++........              (no amulet)
HPRegen 0.21/turn               m - +4 ring of protection
MPRegen 0.00/turn               y - ring of see invisible

@: corroded, gold aura, flying
A: sickness immunity, fire resistance 2, cold vulnerability 1, float, innate
caster, hp casting, extra vitality 1
a: Renounce Religion, Potion Petition, Call Merchant, Bribe Branch


You were on level 9 of the Dungeon.
You worshipped Gozag.
Gozag was noncommittal.
You visited 2 branches of the dungeon, and saw 10 of its levels.

You collected 941 gold pieces.
You spent 96 gold pieces at shops.
You paid 834 gold pieces to Gozag.

Inventory:

Hand Weapons
 b - a +4 whip
 i - a +1 dagger of venom
 n - a +0 dagger of protection
 E - a +1 trident of protection (weapon)
Armour
 a - a +0 robe (worn)
 k - a +0 cloak (worn)
 v - a +2 helmet (worn)
Jewellery
 m - a +4 ring of protection (left hand)
 w - a ring of positive energy
 y - a ring of see invisible (right hand)
 z - a +6 ring of dexterity
Wands
 x - a wand of iceblast (13)
 H - a wand of paralysis (8)
Scrolls
 c - 3 scrolls of enchant weapon
 e - 2 scrolls of identify
 h - a scroll of enchant armour {unknown}
 o - a scroll of vulnerability {unknown}
 p - a scroll of brand weapon {unknown}
 r - 2 scrolls of magic mapping
 u - a scroll of immolation
 A - a scroll of silence
 C - 3 scrolls of teleportation {unknown}
 F - 2 scrolls of noise {unknown}
Potions
 d - a potion of cancellation {unknown}
 g - a potion of curing
 j - a potion of attraction {unknown}
 l - a potion of degeneration {unknown}
 q - a potion of heal wounds {unknown}
 s - a potion of invisibility {unknown}
 t - a potion of mutation {unknown}
 B - a potion of magic {unknown}
 D - a potion of resistance {unknown}
 G - a potion of flight


   Skills:
 * Level 4.1 Fighting
 + Level 0.2 Polearms
 + Level 3.3 Dodging
 + Level 3.0 Stealth
 * Level 9.7 Spellcasting


You had 6 spell levels left.
You knew the following spells:

 Your Spells              Type           Power      Damage    Failure   Level
a - Foxfire               Conj/Fire      100%       2x1d9     1%          1
b - Scorch                Fire           92%        2d10      1%          2
c - Conjure Flame         Conj/Fire      46%        6-21      1%          3
d - Inner Flame           Hex/Fire       46%        N/A       1%          3
e - Flame Wave            Conj/Fire      46%        3d9       1%          4
f - Sandblast             Erth           92%        2d19      1%          1
g - Passwall              Tmut/Erth      38%        N/A       1%          2
h - Ensorcelled Hibernat  Hex/Ice        92%        N/A       1%          2
i - Sticky Flame          Conj/Fire      46%        2d6       1%          4
Your spell library was empty.

Dungeon Overview and Level Annotations

Branches:
Dungeon (9/15)             Temple (1/1) D:4
   Lair: D:8-11         Orc: D:9-12

Altars:
Cheibriados
Gozag
Kikubaaqudgha
Nemelex Xobeh
Okawaru
Sif Muna
Vehumet
Zin
The Shining One

Shops:
D:6 *   D:8 !


Innate Abilities, Weirdness & Mutations

You are immune to sickness and miasma.
You are immune to poison.
Your flesh is very heat resistant. (rF++)
You are vulnerable to cold. (rC-)
You float through the air rather than walking.
You learn spells naturally, not from books.
Your magical power is your life essence.
You have superior vitality. (+4 HP)


Message History

The vampire bites you but does no damage.
A wave of flame ripples out!
The flame wave engulfs the vampire!
The vampire is severely damaged.
The flame wave engulfs the acid dragon!
The acid dragon is heavily wounded.
The flame wave engulfs the orc wizard!!
You kill the orc wizard!
The vampire is distracted by your dazzling golden aura.
A wave of flame ripples out!
The flame wave engulfs the acid dragon!
The acid dragon is almost dead.
The flame wave engulfs the vampire!
You destroy the vampire!
You finish channelling waves of flame.
The kobold brigand is no longer distracted by gold.
The acid dragon closely misses you.
The acid dragon claws you but does no damage.
The kobold brigand throws a poisoned dart.
The poisoned dart hits you! The acid dragon spits acid at you.
The splash of acid hits you!!
* * * LOW HITPOINT WARNING * * *
The acid corrodes you!
Unknown command.
You feel better. The acid dragon bites you.
* * * LOW HITPOINT WARNING * * *
The acid dragon claws you but does no damage.
The kobold brigand throws a poisoned dart.
The poisoned dart completely misses you.
You feel better. The acid dragon bites you!
* * * LOW HITPOINT WARNING * * *
The acid dragon barely misses you.
The kobold brigand throws a poisoned dart.
The poisoned dart hits you!
As you read the scroll of fear, it crumbles to dust.
You assume a fearsome visage.
The acid dragon looks frightened!
The kobold brigand looks frightened!
The acid dragon spits acid at you. The splash of acid hits you!!
You die...
Your body crumbles into a pile of gold.

# #....
...................#
...........>...............
###......#.......##.......#
$#.#....##..............##
.... #......#........#
..#.. #.............#>.
....##.............# .
#.................. $
#.#...@............#
.###D....###...##......
.....$$.## ##### .....
.K#.##### .. .. #.


You could see an acid dragon (fleeing, catching breath).

Vanquished Creatures
  A troll (D:7)
  A hornet (D:7)
  2 vampires (D:9)
  An ice beast (D:8)
  3 orc warriors
  A necrophage (D:6)
  4 ogres
  A black bear (D:3)
  2 phantoms
  4 bullfrogs
  3 scorpions
  A water moccasin skeleton (D:4)
  A howler monkey (D:7)
  3 centaur skeletons
  5 orc priests
  3 hounds
  3 bullfrog skeletons (D:5)
  An iguana (D:7)
  Jessica (D:3)
  4 orc wizards
  Natasha (thrice) (D:2)
  A hound skeleton (D:5)
  Robin (D:2)
  A howler monkey zombie (D:4)
  3 adders
  5 white imps
  An adder skeleton (D:4)
  A worm (D:3)
  2 dart slugs
  19 orcs
  7 ball pythons
  6 endoplasms
  3 giant cockroaches
  11 hobgoblins
  7 jackals
  10 kobolds
  3 quokkas
  6 bats
  2 frilled lizards
  16 goblins
  4 rats
157 creatures vanquished.

Vanquished Creatures (others)
  631 foxfires
631 creatures vanquished.

Grand Total: 788 creatures vanquished

Notes
Turn   | Place    | Note
-------+----------+-------------------------------------------
     0 | D:1      | robertstho the Djinni Fire Elementalist began the quest for
                  | the Orb.
     0 | D:1      | Reached XP level 1. HP: 15/15 MP: 0/0
   290 | D:1      | Reached XP level 2. HP: 16/22 MP: 0/0
   685 | D:1      | Reached skill level 3 in Spellcasting
   686 | D:1      | Reached XP level 3. HP: 23/26 MP: 0/0
   686 | D:1      | Learned a level 1 spell: Sandblast
  1366 | D:1      | Found a faded altar of an unknown god.
  1893 | D:2      | Noticed Natasha
  1898 | D:2      | Killed Natasha
  1899 | D:2      | Reached skill level 1 in Fighting
  1899 | D:2      | Reached XP level 4. HP: 27/32 MP: 0/0
  2272 | D:2      | Noticed Robin
  2279 | D:2      | Killed Robin
  2282 | D:2      | Noticed Natasha
  2296 | D:2      | Killed Natasha
  2297 | D:2      | Reached skill level 4 in Spellcasting
  2297 | D:2      | Reached XP level 5. HP: 18/37 MP: 0/0
  2297 | D:2      | Learned a level 2 spell: Passwall
  2494 | D:2      | Noticed Natasha
  2504 | D:2      | Killed Natasha
  2787 | D:3      | Noticed Jessica
  2791 | D:3      | Killed Jessica
  3048 | D:3      | Noticed a black bear
  3056 | D:3      | Killed a black bear
  3057 | D:3      | Reached XP level 6. HP: 39/43 MP: 0/0
  3488 | D:3      | Reached skill level 5 in Spellcasting
  3922 | D:4      | Noticed an ogre
  3926 | D:4      | Killed an ogre
  3927 | D:4      | Reached XP level 7. HP: 44/48 MP: 0/0
  3927 | D:4      | Learned a level 2 spell: Ensorcelled Hibernation
  4343 | D:4      | Found a staircase to the Ecumenical Temple.
  4366 | Temple   | Entered the Ecumenical Temple
  4411 | Temple   | Became a worshipper of Gozag Ym Sagoz the Greedy
  4492 | D:4      | Found a glowing silver altar of Zin.
  5037 | D:5      | Entered Level 5 of the Dungeon
  5050 | D:5      | Reached skill level 6 in Spellcasting
  5052 | D:5      | Reached XP level 8. HP: 18/55 MP: 0/0
  5300 | D:5      | Found a sparkling altar of Nemelex Xobeh.
  5580 | D:5      | Noticed a two-headed ogre
  5594 | D:6      | Reached skill level 7 in Spellcasting
  5808 | D:6      | Found Vuoruhij's Elemental Accessories.
  6227 | D:6      | Reached XP level 9. HP: 55/61 MP: 0/0
  6227 | D:6      | Learned a level 4 spell: Sticky Flame
  6985 | D:7      | Reached skill level 8 in Spellcasting
  7022 | D:7      | Noticed a hornet
  7031 | D:7      | Killed a hornet
  7334 | D:7      | Noticed a troll
  7344 | D:7      | Killed a troll
  7801 | D:8      | Reached skill level 9 in Spellcasting
  8799 | D:8      | Bought a potion of curing for 48 gold pieces
  8799 | D:8      | Bought a potion of flight for 48 gold pieces
  8853 | D:9      | Reached XP level 10. HP: 56/67 MP: 0/0
  8866 | D:9      | HP: 1/67 [acid dragon/splash of acid (25)]
  8871 | D:9      | Killed from afar by an acid dragon

Illustrated notes

Levels and vault maps discovered:
D:1:      dpeg_arrival_arbitrary_a, layout_rooms,
          chequers_ecumenical_altar_island, minmay_cupped
D:2:      layout_loops_ring, kennysheep_generic_room_4, uniq_robin, uniq_natasha
D:3:      layout_loops_cross, lemuel_coloured_pillars_altar, tgw_sif
D:4:      layout_basic, mainiacjoe_overflow_alcove_1, temple_green,
          roderic_serpentine_path, chequers_jeans, minmay_misc_feat_pillars,
          minmay_curled_crystal
D:5:      layout_basic, nicolae_overflow_crystal_walls
D:6:      layout_cave_pods, serial_bayou_pond_d, nicolae_water_bricks,
          kennysheep_pointless_box, nicolae_elemental_shop
D:7:      layout_cave_pools
D:8:      layout_loops_ring, kiku_gazebo_pond_becter, minivault_5
D:9:      layout_cave_pools, nicolae_wu_jian_glorious_leap, serial_shops,
          nicolae_shop_trees, minmay_strange_pillars, minmay_fractal_squares_5
Temple:   regret_index_temple_sphere_string

Skill      XL: |  1  2  3  4  5  6  7  8  9 10 |
---------------+-------------------------------+-----
Spellcasting   | 3 4 5 6 7 9 |  9.7
Fighting       | 1 2 3 4 |  4.1
Stealth        | 2 3 |  3.0
Dodging        | 3 |  3.3
Polearms       | |  0.2

Action                   |  1- 3 |  4- 6 |  7- 9 | 10-12 || total
-------------------------+-------+-------+-------+-------++-------
Melee: Whip              |     4 |       |       |       ||     4
       Dagger            |       |     4 |     2 |       ||     6
       Trident           |       |       |    18 |       ||    18
 Cast: Foxfire           |    86 |   111 |   171 |     6 ||   374
       Scorch            |       |     3 |    62 |       ||    65
       Flame Wave        |       |       |     3 |     2 ||     5
       Ensorcelled Hiber |       |       |     1 |       ||     1
Invok: Call Merchant     |       |       |     1 |       ||     1
  Use: Potion            |       |     1 |       |     2 ||     3
       Scroll            |       |     2 |     3 |     1 ||     6
Armor: Robe              |     1 |     5 |    28 |     3 ||    37
Dodge: Dodged            |     5 |    19 |    51 |     5 ||    80

Table legend: (Time is in decaauts)
 A = Elapsed time spent in this place.
 B = Non-inter-level travel time spent in this place.
 C = Inter-level travel time spent in this place.
 D = Time resting spent in this place.
 E = Time spent auto-exploring this place.
 F = Levels seen in this place.
 G = Mean time per level.
                   A        B        C        D        E       F      G
               +--------+--------+--------+--------+--------+-----+--------+
         Total |   8880 |   8704 |    176 |    387 |   7204 |  10 |  888.0 |
       Dungeon |   8821 |   8659 |    162 |    387 |   7172 |   9 |  980.1 |
        Temple |     58 |     45 |     13 |      0 |     32 |   1 |   58.0 |
               +--------+--------+--------+--------+--------+-----+--------+

Top non-repeatable levels by time:
     D:1: 1487 daAuts
     D:4: 1457 daAuts
     D:6: 1270 daAuts
     D:2: 1223 daAuts
     D:8: 1048 daAuts
     D:3: 1013 daAuts
     D:7: 910 daAuts
     D:5: 355 daAuts
  Temple: 58 daAuts
     D:9: 54 daAuts
